 Dungeon Crawl Stone Soup version 0.29-a0-598-gd8304a5bf4 (webtiles) character file.

Game seed: 16453353694584166329

2 xian the Caller (level 1, -1/13 HPs)
             Began as a Palentonga Summoner on June 16, 2022.
             Slain by a goblin
             ... wielding a +0 club
              (3 damage)
             ... on level 1 of the Dungeon.
             The game lasted 00:00:52 (164 turns).

xian the Caller (Palentonga Summoner)                Turns: 164, Time: 00:00:54

Health: -1/13      AC:  4    Str: 11    XL:     1   Next: 33%
Magic:  3/3        EV:  9    Int: 15    God:
Gold:   11         SH:  0    Dex: 10    Spells: 3/4 levels left

rFire   . . .      SeeInvis +   (no weapon)
rCold   . . .      Faith    .   (no shield)
rNeg    + . .      Spirit   .   a - +0 robe
rPois   .          Reflect  .   (no helmet)
rElec   .          Harm     .   (no cloak)
rCorr   .          Rampage  .   (no gloves)
Will    .....                   (no barding)
Stlth   +.........              (no amulet)
HPRegen 0.04/turn               e - ring of positive energy
MPRegen 0.08/turn               (no ring)

@: no status effects
A: large, rugged brown scales 3, see invisible, deformed body, roll 1, armoured
tail
a: Rolling Charge


You were on level 1 of the Dungeon.
You visited 1 branch of the dungeon, and saw 1 of its levels.

You collected 11 gold pieces.

Inventory:

Armour
 a - a +0 robe (worn)
Jewellery
 e - a ring of positive energy (left hand)
Scrolls
 c - a scroll of vulnerability {unknown}
 d - a scroll of poison {unknown}
Potions
 b - a potion of magic


   Skills:
 + Level 1.5 Dodging
 + Level 1.2 Stealth
 + Level 2.0 Spellcasting
 + Level 3.3 Summonings


You had 3 spell levels left.
You knew the following spells:

 Your Spells              Type           Power      Damage    Failure   Level
a - Summon Small Mammal   Summ           44%        N/A       5%          1

Your spell library contained the following spells:

 Spells                   Type           Power      Damage    Failure   Level
 Call Imp                 Summ           11%        N/A       9%          2
 Call Canine Familiar     Summ           11%        N/A       17%         3
 Summon Guardian Golem    Hex/Summ       6%         N/A       32%         3
 Summon Lightning Spire   Summ/Air       6%         N/A       73%         4


Dungeon Overview and Level Annotations

Branches:
Dungeon (1/15)

Altars:


Innate Abilities, Weirdness & Mutations

You are completely covered in rugged brown scales. (AC +3, +7% HP)
You have supernaturally acute eyesight. (SInv)
Armour fits poorly on your strangely shaped body.
You can roll at nearby foes to attack.
You have a long armoured tail.


Message History

c - a scroll labelled SEMYUSH FIOGO
d - a scroll labelled QUM BINEIRCH You swap places.
e - a ring of positive energy
e - a ring of positive energy (left hand)
Your quokka disappears in a puff of smoke!
A rat comes into view.
Found a pair of boots.
Unknown command.
Casting: Summon Small Mammal (safe; 5% risk of failure)
Confirm with . or Enter, or press ? or * to list all spells.
The rat barely misses you.
A goblin comes into view. It is wielding a +0 club.
The rat bites you.
The goblin shouts!
The rat bites you but does no damage.
Your rat bites the rat but does no damage.
Found 8 gold pieces.
The rat bites you.
Your rat barely misses the rat.
You hit the rat but do no damage. The rat bites you.
Your rat bites the rat but does no damage.
You hit the rat but do no damage. The goblin hits you but does no damage.
The rat bites you but does no damage.
Your rat bites the rat.
You closely miss the rat.
The rat is heavily wounded.
The goblin hits you but does no damage. The rat bites you.
* * * LOW HITPOINT WARNING * * *
Your rat bites the rat.
The rat dies!
The goblin hits you with a +0 club.
* * * LOW HITPOINT WARNING * * *
Your rat bites the goblin.
The goblin attacks as you move away! The goblin barely misses you.
The goblin attacks as you move away! The goblin hits you but does no damage.
You completely miss the goblin.
The goblin is moderately wounded.
The goblin closely misses you.
Your rat closely misses the goblin.
You hit the goblin.
The goblin is severely wounded.
The goblin hits you with a +0 club.
You die...

######## #......# #....#
# #@# #. #g# #######
###..###r# #.....#
.........# #.###.#
.##.[....#######.# #.#
.......#.........# #.#
..#....#############.####
. #.... #......# #.##$
#.#.##.#


You could see a goblin (ally target) and a friendly rat (summoned).

Vanquished Creatures (collateral kills)
  A goblin (D:1)
  A ball python (D:1)
  A rat (D:1)
3 creatures vanquished.

Notes
Turn   | Place    | Note
-------+----------+-------------------------------------------
     0 | D:1      | xian the Palentonga Summoner began the quest for the Orb.
     0 | D:1      | Reached XP level 1. HP: 13/13 MP: 3/3
   164 | D:1      | Slain by a goblin

Illustrated notes

Levels and vault maps discovered:
D:1:      dpeg_arrival_rooms_b, layout_loops_cross,
          shapermc_ecumenical_altar_mp_ritualfount

Action                   || total
-------------------------++-------
Melee: Unarmed           ||     5
 Cast: Summon Small Mamm ||     3
Armor: Robe              ||     5
Dodge: Dodged            ||     4

Table legend: (Time is in decaauts)
 A = Elapsed time spent in this place.
 B = Non-inter-level travel time spent in this place.
 C = Inter-level travel time spent in this place.
 D = Time resting spent in this place.
 E = Time spent auto-exploring this place.
 F = Levels seen in this place.
 G = Mean time per level.
                   A        B        C        D        E       F      G
               +--------+--------+--------+--------+--------+-----+--------+
         Total |    163 |    163 |      0 |      0 |     92 |   1 |  163.0 |
       Dungeon |    163 |    163 |      0 |      0 |     92 |   1 |  163.0 |
               +--------+--------+--------+--------+--------+-----+--------+

Top non-repeatable levels by time:
     D:1: 163 daAuts
